AoeStats
← Soltan

Nomad

504464197Analyzed
3v3 RM · 26d ago on Sep 5, 2026· 42m 33s· 6 players
Game mode
Random Map
Map size
210×210
Population
200
Speed
Normal
Resources
Standard
Victory
Conquest
Starting age
Dark Age
Ending age
Imperial Age
RankedLock teamsTeams togetherTeam positionsShared explorationLock speedFull tech treeHidden civsTurbo modeCheats
Victory
Defeat
🇭🇺 Burmese · Hungary
1280
+14
🇭🇺 Celts · Hungary
1205
+17
🇭🇺 Magyars · Hungary
1169
+19
🇷🇺 Muisca · Russia
1342
-20
🇰🇷 Malians · South Korea
1236
-17
🇹🇷 Huns · Türkiye
1133
-13
Doppinger
11:31 Loom
14:11 Feudal Age
14:53 Horse Collar
16:49 Town Watch
19:42 Castle Age
18:11 Arson
18:29 Scale Mail Armor
20:24 Forging
21:17 Wheelbarrow
20:05 Man-at-Arms
20:48 Squires
23:38 Gambesons
24:49 Long Swordsman
27:25 Stone Mining
27:29 Gold Mining
28:57 Fletching
29:55 Bodkin Arrow
32:18 Iron Casting
35:13 Imperial Age
34:18 Hand Cart
34:33 Chain Mail Armor
36:17 Conscription
36:21 Manipur Cavalry
35:51 Two-Handed Swordsman
38:44 Champion
41:09 Howdah
42:36 Blast Furnace
43:22 Plate Mail Armor
Barney
13:57 Feudal Age
14:55 Double-Bit Axe
15:43 Loom
19:25 Castle Age
16:54 Man-at-Arms
17:40 Stone Mining
18:27 Forging
19:00 Scale Mail Armor
19:50 Gold Mining
23:59 Gambesons
25:54 Fletching
31:46 Imperial Age
28:47 Pikeman
32:30 Wheelbarrow
31:28 Elite Skirmisher
32:57 Bodkin Arrow
34:04 Padded Archer Armor
34:00 Town Watch
34:49 Halberdier
35:21 Long Swordsman
36:47 Two-Handed Swordsman
37:56 Bow Saw
38:21 Horse Collar
39:06 Capped Ram
40:18 Heavy Plow
Smart on
9:50 Loom
15:40 Feudal Age
20:43 Fishing Lines
23:19 Castle Age
23:15 Wheelbarrow
22:35 Double-Bit Axe
25:56 Gold Mining
29:22 Scale Barding Armor
31:50 Chain Barding Armor
34:06 Thumb Ring
34:14 Gillnets
35:17 Fletching
35:54 Bow Saw
36:27 Corvinian Army
36:50 Bloodlines
36:41 Husbandry
41:30 Imperial Age
40:35 Ballistics
41:27 Bodkin Arrow
41:36 Padded Archer Armor
43:26 Parthian Tactics
42:22 Heavy Cavalry Archer
43:08 Bracer
44:10 Chemistry
Soltan
4:53 Loom
16:37 Feudal Age
20:28 Castle Age
26:25 Horse Collar
33:30 Fletching
Alpenhime
4:53 Loom
13:31 Feudal Age
14:24 Double-Bit Axe
19:52 Castle Age
18:14 Gold Mining
18:17 Stone Mining
18:10 Horse Collar
19:36 Town Watch
20:50 Wheelbarrow
21:17 Bow Saw
21:40 Fletching
22:28 Gold Mining
27:20 Bodkin Arrow
29:00 Heavy Plow
33:31 Scale Barding Armor
34:10 Murder Holes
33:55 Treadmill Crane
40:22 Imperial Age
38:59 Chain Barding Armor
38:49 Forging
39:20 Bloodlines
40:04 Padded Archer Armor
40:08 Crossbowman
41:57 Crop Rotation
42:02 Ballistics
42:44 Chemistry
42:58 Plate Barding Armor
42:58 Iron Casting
43:30 Gold Shaft Mining
YouteGG_Togin_Shi
7:47 Loom
16:29 Feudal Age
20:36 Castle Age
21:30 Gold Mining
24:58 Fletching
25:03 Double-Bit Axe
25:59 Bodkin Arrow
25:55 Horse Collar
26:36 Bow Saw
27:44 Fishing Lines
31:32 Town Watch
32:26 Wheelbarrow
32:30 Forging
33:49 Iron Casting
33:40 Stone Mining
35:59 Hand Cart
35:47 Town Watch
37:15 Gold Shaft Mining
37:15 Masonry
39:54 Imperial Age
37:32 Scale Mail Armor
38:42 Stone Shaft Mining
37:49 Horse Collar
38:39 Padded Archer Armor
39:01 Ballistics
38:49 Heavy Plow
39:35 Squires
39:05 Pikeman
39:59 Champi Runner
42:23 Two-Man Saw
42:12 Bracer
42:12 Padded Archer Armor
Connection lost

Rejoining the realm…

Still unreachable

The connection could not be restored.

Session expired

The server has moved on; the page needs a fresh start.